 Dungeon Crawl Stone Soup version 0.20.0-15-g7f486f2 (webtiles) character file.

6916 Gorglomux the Grappler (level 10, -3/109 HPs)
             Began as a Troll Monk on June 9, 2017.
             Was a High Priest of Okawaru.
             Slain by a wolf (8 damage)
             ... led by Grum
             ... on level 10 of the Dungeon.
             The game lasted 00:26:13 (8772 turns).

Gorglomux the Grappler (Troll Monk)                 Turns: 8772, Time: 00:26:14

Health: -3/109     AC:  6    Str: 21    XL:     10   Next: 79%
Magic:  12/12      EV: 11    Int:  6    God:    Okawaru [*****.]
Gold:   629        SH:  0    Dex: 17    Spells: 9/9 levels left

rFire    . . .     SeeInvis .     - Unarmed
rCold    . . .     Gourm    +   (no shield)
rNeg     . . .     Faith    .   a - +0 robe
rPois    .         Spirit   .   (helmet restricted)
rElec    .         Reflect  .   E - +0 cloak
rCorr    .         Harm     .   (gloves unavailable)
MR       .....                  (boots unavailable)
Stlth    ++........             (no amulet)
Regen    0.7/turn               y - +3 ring of slaying
MPRegen  0.2/turn               J - +4 ring of slaying

@: no status effects
A: unfitting armour, antennae 1, claws 3, fangs 1, talons 1, agile 1, fast
metabolism 3, gourmand, regeneration 1, shaggy fur 1, tough skin 2
a: Heroism, Finesse, Renounce Religion


You were on level 10 of the Dungeon.
You worshipped Okawaru.
Okawaru was extremely pleased with you.
You were very full.

You visited 2 branches of the dungeon, and saw 11 of its levels.
You also visited: Ossuary.

You collected 629 gold pieces.

Inventory:

Hand Weapons
 b - a +0 blowgun
Missiles
 N - 3 curare-tipped needles
 Z - 2 throwing nets (quivered)
Armour
 a - a +0 robe (worn)
 E - a +0 cloak (worn)
 L - a +0 cloak
Jewellery
 y - a +3 ring of slaying (left claw)
 J - a +4 ring of slaying (right claw)
Scrolls
 j - 3 scrolls of remove curse
 A - 2 scrolls of enchant armour {unknown}
 M - 2 scrolls of magic mapping
 O - 2 scrolls of blinking {unknown}
 P - 2 scrolls of recharging
 U - 2 scrolls of enchant weapon {unknown}
 V - 2 scrolls of amnesia {unknown}
 W - 2 scrolls of teleportation {unknown}
Potions
 d - 7 potions of mutation {!q}
 g - 3 potions of berserk rage
 h - 3 potions of agility
 m - 2 potions of haste
 F - a potion of ambrosia {unknown}
 I - a potion of might {unknown}
 Q - 2 potions of curing
 R - 2 potions of flight
 T - 3 potions of magic
 X - a potion of invisibility {unknown}
Books
 G - a book of Callings

   Spells                             Type                      Level
   a - Summon Small Mammal            Summoning                    1
   b - Call Imp                       Summoning                    2
   c - Call Canine Familiar           Summoning                    3
   d - Summon Guardian Golem          Hexes/Summoning              3
   e - Summon Lightning Spire         Summoning/Air                4
   f - Summon Ice Beast               Ice/Summoning                4
 K - a book of Minor Magic

   Spells                             Type                      Level
   a - Magic Dart                     Conjuration                  1
   b - Blink                          Translocation                2
   c - Call Imp                       Summoning                    2
   d - Slow                           Hexes                        2
   e - Conjure Flame                  Conjuration/Fire             3
   f - Mephitic Cloud                 Conjuration/Poison/Air       3
Miscellaneous
 Y - a lamp of fire
Comestibles
 k - 4 fruits
 q - 10 bread rations
 z - 7 meat rations
 C - 2 royal jellies


   Skills:
 + Level 9.7 Fighting
 - Level 2.4 Dodging
 - Level 1.0 Stealth
 + Level 11.3 Unarmed Combat
 + Level 4.9 Invocations


You had 9 spell levels left.
You didn't know any spells.

Dungeon Overview and Level Annotations

Branches:
Dungeon (10/15)            Temple (1/1) D:6            Lair (0/6) D:9
    Orc: D:9-12

Altars:
Ashenzari
Cheibriados
Dithmenos
Elyvilon
Fedhas
Gozag
Hepliaklqana
Kikubaaqudgha
Makhleb
Nemelex Xobeh
Okawaru
Qazlal
Ru
Sif Muna
Trog
Uskayaw
Vehumet
Xom
Yredelemnul
Zin
The Shining One

Annotations:
D:10 Grum


Innate Abilities, Weirdness & Mutations

You are too large for most types of armour.
You have claws for hands.
Your metabolism is lightning-fast.
You like to eat raw meat.
Your natural rate of healing is unusually fast.
You are covered in fur. (AC +1)
You have very tough skin. (AC +2)
You have a pair of small antennae on your head.
You have very sharp teeth.
You have sharp toenails.
You are agile. (Dex +2)


Message History

You feel better. The bullfrog hits you.
* * * LOW HITPOINT WARNING * * *
The wolf bites you.
* * * LOW HITPOINT WARNING * * *
The bullfrog hits you.
* * * LOW HITPOINT WARNING * * *
The howler monkey hits you.
* * * LOW HITPOINT WARNING * * *
The orc hits you but does no damage. The bullfrog hits you.
* * * LOW HITPOINT WARNING * * *
An orc comes into view. It is wielding a short sword.
An adder, a hungry ghost and Grum come into view.
The adder hisses angrily.
The wolf barely misses you. The wolf bites you but does no damage.
The orc closely misses you. The wolf bites you.
* * * LOW HITPOINT WARNING * * *
The bullfrog barely misses you. 2 wolves come into view.
The orc barely misses you. x2; The wolf bites you!
You die...

..........%..................
...............≈.....$........
..........(...≈≈≈............#
...............≈.............#
.......................≈.....#
.........?............≈≈≈.....
........)(.....o.......≈......
........(.)..oFo....o........
##....(.....DFo@.....!.....F
##.....≈...hhho............
#....≈≈≈.o.Yh..<.........
##.....≈Y...9.....<......
###).......Y..............
..........Y...............
..............hg...S...≈..
.............hW.......≈≈≈.
.......................≈..


You could see Grum, 4 yaks, a hungry ghost, a steam dragon, a gargoyle, 4
wolves, 2 bullfrogs, 2 howler monkeys, an adder and 7 orcs.

Vanquished Creatures
  A two-headed ogre (D:9)
  The ghost of eragonby the Thaumaturge, a novice DEEE of Vehumet (D:10)
  An ugly thing (D:8)
  Joseph (D:7)
  Grinder (D:4)
  A spriggan (D:7)
  2 hungry ghosts
  Edmund (D:4)
  A water moccasin (D:8)
  4 orc warriors
  2 ice beasts
  A black bear (D:7)
  3 ogres
  A phantom (D:4)
  4 centaurs
  An elf zombie (Ossuary)
  2 big kobolds
  2 bullfrogs
  A wyvern zombie (D:7)
  2 scorpions
  A water moccasin skeleton (D:8)
  4 wights (D:9)
  2 howler monkeys
  6 electric eels (D:8)
  5 crimson imps
  A quasit (D:9)
  2 centaur zombies
  5 orc priests
  2 bullfrog skeletons
  Crazy Yiuf (D:7)
  7 hounds
  A human zombie (Ossuary)
  2 jellies
  7 orc wizards
  2 centaur skeletons
  4 iguanas
  Terence (D:3)
  Natasha (thrice) (D:4)
  11 worker ants
  A hound zombie (Ossuary)
  A hound skeleton (D:5)
  4 mummies (Ossuary)
  A worker ant zombie (D:5)
  7 adders
  2 shadow imps
  4 oozes
  An adder zombie (Ossuary)
  A worm (D:2)
  2 dart slugs
  5 leopard geckos
  22 orcs
  5 giant cockroaches
  9 goblins
  9 hobgoblins
  8 jackals
  36 kobolds
  2 quokkas
  16 bats
  5 frilled lizards
  2 gnoll zombies (Ossuary)
  A goblin zombie (Ossuary)
  2 hobgoblin zombies (Ossuary)
  2 orc zombies (Ossuary)
  A quokka skeleton (D:5)
  A quokka zombie (D:5)
  8 rats
  A rat zombie (Ossuary)
  A fungus (D:7)
260 creatures vanquished.

Notes
Turn   | Place    | Note
-------+----------+-------------------------------------------
     0 | D:1      | Gorglomux the Troll Monk began the quest for the Orb.
     0 | D:1      | Reached XP level 1. HP: 22/22 MP: 0/0
   144 | D:1      | Reached XP level 2. HP: 28/29 MP: 1/1
   357 | D:1      | Reached XP level 3. HP: 36/36 MP: 2/2
   375 | D:1      | Reached skill level 3 in Fighting
   974 | D:2      | Reached skill level 4 in Unarmed Combat
  1136 | D:2      | Reached XP level 4. HP: 45/45 MP: 3/3
  1810 | D:3      | Noticed Terence
  1818 | D:3      | Killed Terence
  1993 | D:4      | Reached XP level 5. HP: 51/54 MP: 4/4
  2012 | D:4      | Noticed Grinder
  2014 | D:4      | Gained mutation: You have a pair of small antennae on your head. [potion of mutation]
  2014 | D:4      | Gained mutation: You have sharp toenails. [potion of mutation]
  2014 | D:4      | Gained mutation: You are agile. (Dex +2) [potion of mutation]
  2014 | D:4      | Gained mutation: You have very sharp teeth. [potion of mutation]
  2031 | D:4      | Killed Grinder
  2031 | D:4      | Reached skill level 5 in Unarmed Combat
  2031 | D:4      | Reached XP level 6. HP: 31/63 MP: 5/5
  2073 | D:4      | Noticed Edmund
  2074 | D:4      | Found a sand-covered staircase.
  2085 | D:4      | Killed Edmund
  2161 | Ossuary  | Entered an ossuary
  2192 | Ossuary  | Reached skill level 6 in Unarmed Combat
  2192 | Ossuary  | Reached XP level 7. HP: 51/72 MP: 6/6
  2930 | D:4      | Noticed Natasha
  2932 | D:4      | Killed Natasha
  3048 | D:4      | Reached skill level 7 in Unarmed Combat
  3113 | D:4      | Noticed Natasha
  3116 | D:4      | Killed Natasha
  3221 | D:4      | Noticed Natasha
  3232 | D:4      | Killed Natasha
  3288 | D:5      | Entered Level 5 of the Dungeon
  3332 | D:5      | Reached skill level 6 in Fighting
  3332 | D:5      | Reached XP level 8. HP: 83/83 MP: 7/7
  4977 | D:6      | Reached skill level 8 in Unarmed Combat
  5069 | D:6      | Found a staircase to the Ecumenical Temple.
  5169 | Temple   | Entered the Ecumenical Temple
  5313 | Temple   | Became a worshipper of Warmaster Okawaru
  5313 | Temple   | Reached * piety under Okawaru
  5313 | Temple   | Reached ** piety under Okawaru
  5772 | D:7      | Reached XP level 9. HP: 84/93 MP: 8/8
  5942 | D:7      | Reached skill level 9 in Unarmed Combat
  6017 | D:7      | Noticed Joseph
  6024 | D:7      | Killed Joseph
  6106 | D:7      | Found a deep blue altar of Sif Muna.
  6298 | D:7      | Found a snail-covered altar of Cheibriados.
  6455 | D:7      | Found an ancient bone altar of Kikubaaqudgha.
  6459 | D:7      | Found a glowing golden altar of the Shining One.
  6467 | D:7      | Found a basalt altar of Yredelemnul.
  6561 | D:7      | Found a runed door.
  6565 | D:7      | Noticed Crazy Yiuf
  6567 | D:7      | Killed Crazy Yiuf
  6699 | D:8      | Found a glowing silver altar of Zin.
  6816 | D:8      | Reached skill level 10 in Unarmed Combat
  6842 | D:8      | Reached *** piety under Okawaru
  6997 | D:8      | Reached skill level 1 in Invocations
  7465 | D:8      | Reached XP level 10. HP: 66/106 MP: 10/10
  7723 | D:8      | Noticed a green ugly thing
  7734 | D:8      | Killed a green ugly thing
  7734 | D:8      | Reached skill level 9 in Fighting
  7846 | D:9      | Found a staircase to the Lair.
  7852 | D:9      | Reached skill level 3 in Invocations
  7923 | D:9      | Noticed a two-headed ogre
  7937 | D:9      | Killed a two-headed ogre
  7937 | D:9      | Reached **** piety under Okawaru
  8543 | D:9      | Reached skill level 11 in Unarmed Combat
  8662 | D:10     | Entered Level 10 of the Dungeon
  8692 | D:10     | Noticed eragonby's ghost (novice DEEE)
  8725 | D:10     | Killed eragonby's ghost
  8725 | D:10     | Reached ***** piety under Okawaru
  8764 | D:10     | HP: 5/109 [something/ball of steam (15)]
  8767 | D:10     | Noticed a gargoyle
  8770 | D:10     | HP: 4/109 [bullfrog (2)]
  8771 | D:10     | Noticed Grum
  8772 | D:10     | Slain by a wolf

Skill      XL: |  1  2  3  4  5  6  7  8  9 10 |
---------------+-------------------------------+-----
Fighting       | 3 4 5 6 7 8 9 |  9.7
Unarmed Combat | 4 5 6 7 8 10 11 | 11.3
Invocations    | 2 4 |  4.9
Dodging        | |  2.4
Stealth        | |  1.0

Action                   |  1- 3 |  4- 6 |  7- 9 | 10-12 || total
-------------------------+-------+-------+-------+-------++-------
Melee: Unarmed           |   118 |   104 |   306 |    84 ||   612
       Punch             |     2 |     1 |    15 |     5 ||    23
       Kick              |       |    18 |   107 |    30 ||   155
       Bite              |       |     9 |    41 |     9 ||    59
 Fire: Blowgun           |       |       |     1 |     1 ||     2
Invok: Heroism           |       |       |     7 |     3 ||    10
  Use: Potion            |       |     1 |       |     3 ||     4
       Scroll            |       |       |     7 |     5 ||    12
 Stab: Sleeping          |     1 |       |     8 |     2 ||    11
       Distracted        |       |       |     1 |       ||     1
  Eat: Chunk             |    16 |     9 |    52 |    14 ||    91
Armor: Robe              |    41 |    27 |    65 |    32 ||   165
Dodge: Dodged            |    62 |    57 |   155 |    56 ||   330
